 Dungeon Crawl Stone Soup version 0.25-a0-949-gdd2af9e06e (webtiles) character file.

Game seed: 8409188397938400119, levelgen mode: deterministic

207 Flugslaktarn the Chopper (level 5, 0/47 HPs)
             Began as a Minotaur Berserker on May 8, 2020.
             Was a Priest of Trog.
             Slain by an ogre
             ... wielding a +0 giant spiked club
              (22 damage)
             ... on level 4 of the Dungeon.
             The game lasted 00:01:27 (3161 turns).

Flugslaktarn the Chopper (Minotaur Berserker)       Turns: 3161, Time: 00:01:27

Health: 0/47       AC:  2    Str: 23    XL:     5   Next: 54%
Magic:  4/4        EV: 13    Int:  4    God:    Trog [***...]
Gold:   118        SH:  0    Dex:  9    Spells: 4/4 levels left

rFire    . . .     SeeInvis .   a - +0 hand axe
rCold    . . .     Gourm    .   (no shield)
rNeg     . . .     Faith    .   b - +0 animal skin
rPois    .         Spirit   .   (helmet restricted)
rElec    .         Reflect  .   (no cloak)
rCorr    .         Harm     .   (no gloves)
MR       ++...                  (no boots)
Stlth    +.........             (no amulet)
HPRegen  1.15/turn              (no ring)
MPRegen  0.09/turn              (no ring)

@: lethally poisoned (0 -> 0), regenerating (expiring)
A: retaliatory headbutt, horns 2
a: Berserk, Trog's Hand, Renounce Religion


You were on level 4 of the Dungeon.
You worshipped Trog.
Trog was most pleased with you.
You were not hungry.

You visited 1 branch of the dungeon, and saw 4 of its levels.

You collected 118 gold pieces.

Inventory:

Hand Weapons
 a - a +0 hand axe (weapon)
Missiles
 l - a throwing net (quivered)
Armour
 b - a +0 animal skin (worn)
Jewellery
 i - a +4 ring of dexterity {unknown}
   (You found it on level 1 of the Dungeon)
 n - an uncursed ring of resist corrosion {unknown}
   (You found it on level 2 of the Dungeon)
Scrolls
 d - 3 scrolls of remove curse {unknown}
 f - a scroll of fog {unknown}
 j - 5 scrolls of identify {unknown}
 p - a scroll of enchant armour {unknown}
 q - 3 scrolls of enchant weapon {unknown}
Potions
 g - a potion of magic {unknown}
 h - a potion of might {unknown}
 k - 2 potions of curing {unknown}
 m - a potion of ambrosia {unknown}
 o - a potion of resistance {unknown}
Comestibles
 c - 2 chunks of flesh
 e - 8 rations


   Skills:
 + Level 4.7 Fighting
 * Level 5.5 Axes
 + Level 3.9 Armour
 + Level 3.3 Dodging


You had 4 spell levels left.
You didn't know any spells.
Your spell library was empty.

Dungeon Overview and Level Annotations

Branches:
Dungeon (4/15)
 Temple: D:4-7

Altars:


Innate Abilities, Weirdness & Mutations

You reflexively headbutt those who attack you in melee.
You have a pair of horns on your head.


Message History

An ogre comes into view. It is wielding a +0 giant spiked club.
An ogre is nearby!
You feel sick.
The ogre shouts!
You feel sick.
Found a ration.
Found a stone staircase leading down.
You feel sick.
You feel sick.
Your skin crawls.
You feel resistant to hostile enchantments.
You feel somewhat more hungry.
You feel the effects of Trog's Hand fading.
You feel sick.
Found a fuming golden potion.
Found an escape hatch in the floor.
There is a stone staircase leading down here.
You feel sick.
An adder comes into view.
The ogre hits you with a +0 giant spiked club!!
You die...

...###......
....#..S...
...........
..#>...... ##...#
...........#
.....#...........
..........#.....#
...............@#
.....##......O.#
....#..#.....#
###†##......>.#
#.#...........#
#.##............##
.....<####.####%#
#.....# ### #.#
##...O# .!#


You could see an ogre and an adder.

Vanquished Creatures
  A scorpion (D:4)
  A worker ant (D:3)
  4 adders
  4 worms
  A dart slug (D:2)
  5 leopard geckos
  A ball python (D:3)
  6 bats
  3 giant cockroaches
  15 goblins
  11 hobgoblins
  3 jackals (D:2)
  8 kobolds
  A quokka (D:2)
  4 frilled lizards
  9 rats
77 creatures vanquished.

Notes
Turn   | Place    | Note
-------+----------+-------------------------------------------
     0 | D:1      | Flugslaktarn the Minotaur Berserker began the quest for the
                  | Orb.
     0 | D:1      | Reached XP level 1. HP: 19/19 MP: 0/0
   176 | D:1      | Reached XP level 2. HP: 27/27 MP: 1/1
   191 | D:1      | Reached skill level 4 in Axes
   339 | D:1      | Reached ** piety under Trog
   777 | D:1      | Reached XP level 3. HP: 33/33 MP: 2/2
  1417 | D:2      | Reached XP level 4. HP: 37/40 MP: 3/3
  1826 | D:2      | Found a faded altar of an unknown god.
  2170 | D:3      | Reached skill level 5 in Axes
  2367 | D:3      | Reached XP level 5. HP: 25/47 MP: 4/4
  2751 | D:3      | Reached *** piety under Trog
  3147 | D:4      | Noticed an ogre
  3161 | D:4      | Slain by an ogre

Levels and vault maps discovered:
D:1:      zaba_arrival_water, layout_rooms, hex_large, minivault_14
D:2:      layout_loops_ring, first_ration, chequers_ecumenical_altar_simple,
          minmay_pentomino_o4
D:3:      layout_loops_ring, minmay_misc_feat_roman
D:4:      cheibrodos_thug_alley, layout_cave_pools,
          riverfiend_overflow_shadow_ancestor, kennysheep_mini_moat,
          kennysheep_vampire_church, hangedman_ru_absence,
          gammafunk_temple_overflow_statue, serial_shops, shop,
          serial_bayou_pond_b, uniq_grinder

Skill      XL: |  1  2  3  4 |
---------------+-------------+-----
Axes           | 4 5 |  5.5
Fighting       | 4 |  4.7
Armour         | 3 |  3.9
Dodging        | 3 |  3.3

Action                   |  1- 3 |  4- 6 || total
-------------------------+-------+-------++-------
Melee: Hand axe          |    80 |    87 ||   167
       Headbutt          |     7 |    16 ||    23
Invok: Berserk           |     1 |       ||     1
       Trog's Hand       |       |     1 ||     1
  Eat: Chunk             |     2 |     6 ||     8
Armor: Animal skin       |     4 |    18 ||    22
Dodge: Dodged            |    54 |    54 ||   108

Table legend:
 A = Non-vault XP
 B = Vault XP
 C = Vault XP percentage of total XP
 D = Non-vault monster count
 E = Vault monster count
 F = Vault count percentage of total count
                 A         B        C        D         E       F
            +---------+---------+-------+---------+---------+-------
      Total |     293 |       3 |   1.0 |      74 |       3 |   3.9
            +---------+---------+-------+---------+---------+-------
        D:1 |      41 |       0 |   0.0 |      25 |       0 |   0.0
        D:2 |      92 |       3 |   3.2 |      26 |       3 |  10.3
        D:3 |      90 |       0 |   0.0 |      22 |       0 |   0.0
        D:4 |      70 |       0 |   0.0 |       1 |       0 |   0.0
            +---------+---------+-------+---------+---------+-------
